 Dungeon Crawl Stone Soup version 0.13.0-21-ge43020b (webtiles) character file.

1073 Ragg the Conjurer (level 8, -7/41 HPs)
             Began as a Gargoyle Earth Elementalist on Oct 26, 2013.
             Was a Believer of Vehumet.
             Killed by divine providence
             ... invoked by an orc priest
              (11 damage)
             ... on Level 5 of the Dungeon.
             The game lasted 00:37:48 (5656 turns).

Ragg the Conjurer (Gargoyle Earth Elementalist)     Turns: 5656, Time: 00:37:48

HP  -7/41        AC 15     Str 12      XL: 8   Next: 13%
MP   9/12        EV 10     Int 18      God: Vehumet [**....]
Gold 125         SH  0     Dex 10      Spells:  3 memorised,  2 levels left

Res.Fire  : + + .   See Invis. : .   a - +0,+3 orc mace (crush)
Res.Cold  : . . .   Warding    : .   p - +1 leather armour (curse)
Life Prot.: + . .   Conserve   : +   (no shield)
Res.Poison: +       Res.Corr.  : +   e - +2 winged helmet
Res.Elec. : +       Clarity    : .   w - +0 cloak {rCorr, Cons}
Sust.Abil.: . .     Spirit.Shd : .   m - +1 pair of elf gauntlets
Res.Mut.  : .       Stasis     : .   (no boots)
Res.Rott. : +       Flight     : .   (no amulet)
Saprovore : . . .                    t - ring of protection from fire
                                     i - ring of protection from fire

@: slightly resistant to hostile enchantments, unstealthy
A: fangs 1, talons 2, life protection 1, electricity resistance, slow metabolism
1, unbreathing, petrification resistance, AC +5
a: Renounce Religion


You were on level 5 of the Dungeon.
You worshipped Vehumet.
Vehumet was pleased with you.
You were not hungry.

You visited 1 branch of the dungeon, and saw 5 of its levels.

You collected 105 gold pieces.

Inventory:

Hand weapons
 a - a +0,+3 orcish mace of crushing (weapon)
Missiles
 b - 104 stones (quivered)
Armour
 e - a +2 winged helmet (worn)
 m - a +1 pair of elven gauntlets (worn)
 p - a cursed +1 leather armour (worn)
 w - a +0 cloak of preservation (worn)
Magical devices
 c - a wand of invisibility (0)
 y - a wand of digging (14) {unknown}
Comestibles
 f - a pear
 h - 4 bread rations
 l - 3 meat rations
 r - an apple
Scrolls
 g - a scroll of curse weapon {unknown}
 k - 3 scrolls of recharging {unknown}
 o - 4 scrolls of identify
 q - a scroll of enchant weapon I {unknown}
 u - a scroll of fog {unknown}
 v - a scroll of blinking {unknown}
 C - 2 scrolls of teleportation {unknown}
 H - a scroll of fear {unknown}
Jewellery
 i - a ring of protection from fire (left hand)
 j - an uncursed amulet of stasis
 t - a ring of protection from fire (right hand)
Potions
 n - a potion of mutation {unknown}
 x - 3 potions of curing
 z - a potion of confusion {unknown}
Books
 d - a book of Geomancy

   Spells                             Type                      Level
   *Sandblast                         Earth                        1
   Stoneskin                          Transmutation/Earth          2
   Passwall                           Transmutation/Earth          3
   *Stone Arrow                       Conjuration/Earth            3
   Petrify                            Transmutation/Earth          4
   Lee's Rapid Deconstruction         Earth                        5
 s - a book of Clouds

   Spells                             Type                      Level
   *Mephitic Cloud                    Conjuration/Poison/Air       3
   Conjure Flame                      Conjuration/Fire             3
   Poisonous Cloud                    Conjuration/Poison/Air       6
   Freezing Cloud                     Conjuration/Ice/Air          6
   Ring of Flames                     Charms/Fire                  7


   Skills:
 - Level 1.5 Dodging
 - Level 2.1 Stealth
 - Level 1.0 Spellcasting
 + Level 8.7 Conjurations
   Level 0.7 Transmutations
 - Level 1.3 Air Magic
 - Level 5.0 Earth Magic


You had 2 spell levels left.
You knew the following spells:

 Your Spells              Type           Power        Failure   Level  Hunger
a - Sandblast             Erth           ###...       2%          1    ##.....
b - Stone Arrow           Conj/Erth      ####..       3%          3    ####...
c - Mephitic Cloud        Conj/Pois/Air  ##......     17%         3    ####...


Dungeon Overview and Level Annotations

Branches:
Dungeon (5/27)
 Temple: D:4-7

Altars:
Fedhas
Okawaru
Trog
Vehumet
Yredelemnul
the Shining One


Innate Abilities, Weirdness & Mutations

You are resistant to torment.
You are immune to poison.
Your stone body is very resilient (AC +5).
You have very sharp teeth.
You have razor-sharp toenails.
You resist negative energy.
You are resistant to electric shocks.
You have a slow metabolism.
You can survive without breathing.
You are immune to petrification.


Message History

Casting: Sandblast
Confirm with . or Enter, or press ? or * to list all spells.
Aiming: Sandblast
Press: ? - help, Shift-Dir - straight line, f - orc priest
Aim: an orc priest, wielding an orcish dagger The blast of sand hits the orc priest.
The orc priest is moderately wounded.
The orc priest hits you but does no damage.
There is an open door here.
The orc priest mumbles some strange prayers to Beogh against you.
Something smites you!
* * * LOW HITPOINT WARNING * * *
There is a stone staircase leading up here.
Casting: Sandblast
Confirm with . or Enter, or press ? or * to list all spells.
You don't know that spell.
You can't go down here!
The orc priest calls down the wrath of Beogh upon you.
Something smites you!
You die...

#####.# ###..# #######+## #...##
##+###### #........# ####.####
........# #........# #........
........# ###........####........
........###.'........##..........
........'{..#........##.#........
........#####.o.@....##.#........
........# #........'..#........
######### #........############
##########


You could see an orc priest.

Vanquished Creatures
  Menkaure (D:4)
  An ice beast (D:5)
  A sky beast (D:5)
  An ogre (D:4)
  The ghost of Kae the Ruinous, an average TeFE (D:4)
  Crazy Yiuf (D:3)
  2 hounds
  2 orc wizards (D:3)
  An iguana (D:4)
  2 orc priests (D:4)
  A worker ant (D:4)
  Ijyb (D:3)
  11 adders
  3 worms
  4 giant geckos
  2 oozes
  11 orcs
  2 ball pythons (D:3)
  6 bats
  9 giant cockroaches
  5 goblins
  10 hobgoblins
  7 jackals (D:3)
  4 giant newts
  A hobgoblin skeleton (D:4)
  10 kobolds
  15 rats
115 creatures vanquished.

Notes
Turn   | Place    | Note
--------------------------------------------------------------
     0 | D:1      | Ragg, the Gargoyle Earth Elementalist, began the quest for the Orb.
     0 | D:1      | Reached XP level 1. HP: 10/10 MP: 3/3
   135 | D:1      | Ragg: halp
   140 | D:1      | Reached skill level 4 in Earth Magic
   142 | D:1      | Ragg: im a man
   420 | D:1      | Ragg: i forgot to use stones
   473 | D:1      | Reached XP level 2. HP: 13/15 MP: 1/4
   834 | D:1      | tripwire: its tough starting out as an EE
   839 | D:1      | Ragg: ya
   839 | D:1      | tripwire: gargoyles at least are sturdy and can rely on fighting
   907 | D:1      | Ragg: the ac boost is nice
   907 | D:1      | Ragg: low hp though
   907 | D:1      | Ragg: so its a mix of good and bad
   907 | D:1      | Ragg: priests will fuck you over so hard
  1038 | D:1      | Reached XP level 3. HP: 16/19 MP: 1/5
  1044 | D:1      | Learned a level 3 spell: Stone Arrow
  1159 | D:1      | Ragg: lol
  1161 | D:1      | Ragg: i guess stasis is ok for me
  1199 | D:2      | Reached skill level 1 in Conjurations
  1627 | D:2      | Reached XP level 4. HP: 24/24 MP: 5/7
  1943 | D:2      | tripwire: stasis is a bad idea most of the tiem
  1950 | D:2      | tripwire: since it turns off your last panic buttons
  1950 | D:2      | tripwire: (teleport and blink)
  1950 | D:2      | Ragg: oh
  1950 | D:2      | Ragg: hmm
  1950 | D:2      | Ragg: ok
  2019 | D:2      | tripwire: usuually u use it as a last measure to like, run through teleport traps
  2028 | D:2      | tripwire: or avoid getting paralyzed
  2054 | D:2      | Ragg: nice tip
  2159 | D:2      | Found an iron altar of Okawaru.
  2159 | D:2      | Found a radiant altar of Vehumet.
  2163 | D:2      | Ragg: nice early vehumet altar
  2170 | D:2      | Became a worshipper of Vehumet
  2233 | D:2      | Found a blossoming altar of Fedhas.
  2686 | D:3      | Noticed Ijyb
  2723 | D:3      | Ragg: oh lol
  2723 | D:3      | Ragg: attacking with sotnes
  2723 | D:3      | Ragg: ftw
  2723 | D:3      | Ragg: It doesnt ask you if your attacking something invisible
  2723 | D:3      | Ragg: hmmh
  2760 | D:3      | Ragg: this lag
  2769 | D:3      | Ragg: ahh
  2769 | D:3      | Ragg: and i keep hitting the wrong button
  2816 | D:3      | Killed Ijyb
  2819 | D:3      | Ragg: jesus christ
  2913 | D:3      | bongbaron: gree is teh strongest
  2913 | D:3      | bongbaron: ftw
  2913 | D:3      | Reached XP level 5. HP: 17/28 MP: 3/8
  3185 | D:3      | Found a basalt altar of Yredelemnul.
  3390 | D:3      | Ragg: lol
  3390 | D:3      | Ragg: i thoguht there were 2 wizards
  3390 | D:3      | Ragg: got confused because of the tile memory or w/e
  3449 | D:3      | Ragg: oh there were
  3449 | D:3      | Ragg: lmao
  3586 | D:3      | bongbaron: 4 orc wizards?? im seein double!
  3708 | D:3      | Ragg: do those stack
  3708 | D:3      | bongbaron: yep
  3708 | D:3      | Ragg: nice
  3708 | D:3      | Ragg: fire can fuck off now
  3723 | D:3      | Ragg: if i have 3+es on fire res does that make me immune?
  3753 | D:3      | Reached skill level 5 in Conjurations
  3754 | D:3      | tripwire: hkjhjkg
  3755 | D:3      | Ragg: what the
  3755 | D:3      | bongbaron: aghhhhhh whyd it hve to be spirit!! _V - the amulet "Shiew" {Spirit +Blink +Rage rElec rPois}
  3764 | D:3      | Ragg: ??
  3797 | D:3      | bongbaron: i jus tfound a sick amulet on my deep elf conj but it gives mana shield which u dont want on a caster
  3799 | D:3      | Ragg: lol
  3799 | D:3      | Ragg: oh righ that one
  3803 | D:3      | bongbaron: literally inaccuracy would be better lol
  3853 | D:3      | bongbaron: well most shit dies before it even gets in melee decj is op imma wear it anyway
  4065 | D:3      | Found a glowing golden altar of the Shining One.
  4077 | D:3      | Reached XP level 6. HP: 30/32 MP: 4/9
  4226 | D:3      | Acquired Vehumet's first power
  4226 | D:3      | Offered knowledge of Shock by Vehumet.
  4246 | D:3      | tripwire: lol vehumet gifting you opposite alignment spells
  4251 | D:3      | bongbaron: its really dumb when he does that shit on the final 3
  4253 | D:3      | bongbaron: that should be hardcoded to never happen
  4253 | D:3      | Ragg: lol
  4326 | D:3      | Noticed Crazy Yiuf
  4332 | D:3      | Killed Crazy Yiuf
  4433 | D:4      | tripwire: You sock the kobold! You glove the kobold! The kobold is very cozy!
  4468 | D:4      | bongbaron: lol deep elf with a staff and two rings of power: 65 mana on lair:5
  4516 | D:4      | Reached skill level 5 in Earth Magic
  4701 | D:4      | Noticed Kae's ghost (average TeFE)
  4703 | D:4      | tripwire: beware of sticky flame rag
  4706 | D:4      | Ragg: haha
  4706 | D:4      | bongbaron: ghost sticky flame is still melee right
  4706 | D:4      | tripwire: ya
  4706 | D:4      | Ragg: im not scared of fire!!!
  4706 | D:4      | bongbaron: ok cool
  4706 | D:4      | tripwire: u should be
  4706 | D:4      | Ragg: ior is it still scary
  4706 | D:4      | bongbaron: gargs arent rf
  4706 | D:4      | tripwire: sticky flame sucks
  4706 | D:4      | Ragg: even with 2 fire resist rings+
  4706 | D:4      | bongbaron: oh
  4706 | D:4      | bongbaron: yeah it wouldnt do any DMG
  4706 | D:4      | tripwire: well it wont hurt u
  4709 | D:4      | Killed Kae's ghost
  4709 | D:4      | Reached skill level 6 in Conjurations
  4710 | D:4      | bongbaron: but your scrolls
  4710 | D:4      | tripwire: but it will wreck ur scrolls
  4710 | D:4      | bongbaron: will get fucked
  4710 | D:4      | Ragg: oh yea
  4710 | D:4      | Ragg: true
  4710 | D:4      | Ragg: well
  4710 | D:4      | bongbaron: basically when u get hit by sticky flame
  4710 | D:4      | Ragg: i won anyway
  4710 | D:4      | Ragg: cuz im so cool and strong
  4710 | D:4      | bongbaron: spend 1-3 turns dropping ur recharge/tele/blink
  4710 | D:4      | Ragg: good tip
  4783 | D:4      | tripwire: press "
  4807 | D:4      | tripwire: ah
  4807 | D:4      | tripwire: nice
  4869 | D:4      | Reached skill level 7 in Conjurations
  4869 | D:4      | Reached XP level 7. HP: 36/36 MP: 2/10
  4907 | D:4      | Found a bloodstained altar of Trog.
  4915 | D:4      | Ragg: sand blast seems weaker than just thumping em at this point
  4928 | D:4      | bongbaron: another cool thing about earth guy
  4928 | D:4      | bongbaron: which is always why garg is better at it (because maces crosstrains with staves)
  4928 | D:4      | bongbaron: staff of earth melee is SUPER strong
  4928 | D:4      | Ragg: i assume stoneskin aint much use for me? oh meph cloud sick. i didnt even notice
  4928 | D:4      | bongbaron: it does irresistable damage
  4928 | D:4      | bongbaron: its subject to monster AC
  4928 | D:4      | bongbaron: but basically
  4928 | D:4      | bongbaron: you can thwack ghost moths down with your staff in a few turns
  4928 | D:4      | Ragg: Cool
  4928 | D:4      | bongbaron: which is important because they'll drain ur shit
  4932 | D:4      | Learned a level 3 spell: Mephitic Cloud
  4932 | D:4      | bongbaron: it does 1dEarth bonus dmg
  4932 | D:4      | Ragg: hmm
  4932 | D:4      | bongbaron: so late game its up to 27 bonus lol
  4932 | D:4      | Ragg: shouod i train poison magic or just conj to get meph cloud up?
  4932 | D:4      | Ragg: i guess conj is better since it helps other tuff as well
  4932 | D:4      | bongbaron: whats the % now?
  4932 | D:4      | Ragg: im gonna pump conj
  4932 | D:4      | bongbaron: on it?
  4932 | D:4      | Ragg: its like 21
  4932 | D:4      | bongbaron: conj should do it yea
  4932 | D:4      | Ragg: 24
  4932 | D:4      | bongbaron: maybe a little air
  4932 | D:4      | Ragg: im on it
  4932 | D:4      | Ragg: air is like -6 tho
  4932 | D:4      | bongbaron: air is nega-trained to earth
  4932 | D:4      | bongbaron: butttt
  4932 | D:4      | bongbaron: you want repel missiles
  4932 | D:4      | bongbaron: so you may as well get air 1
  4932 | D:4      | Ragg: Hmm
  4932 | D:4      | Ragg: ok
  4947 | D:4      | bongbaron: but like just 1
  4950 | D:4      | bongbaron: cause itll take like 60% extra xp
  4952 | D:4      | bongbaron: but 1 helps a lot vs 0 for two-spell schools
  4952 | D:4      | bongbaron: consider how long it would take to get your conjuration to 8
  4952 | D:4      | Ragg: i like sandblast in corridors tho cuz i think if it misses the first guy itll hit someone behind em? is that how it works?
  4952 | D:4      | Ragg: Yea
  4952 | D:4      | Ragg: Makes sense
  4953 | D:4      | bongbaron: yeah that works
  4953 | D:4      | bongbaron: all ranged stuff does that
  4953 | D:4      | Ragg: might as well get 1 in poison to then
  4953 | D:4      | bongbaron: it keeps traveling
  4953 | D:4      | bongbaron: poison kind of stinks
  4955 | D:4      | bongbaron: poison arrow is good but earth gets better single target shit anyway
  4960 | D:4      | bongbaron: u aint gonna cast poison cloud cause its air
  4960 | D:4      | Ragg: Oh
  4960 | D:4      | Ragg: ok
  4960 | D:4      | Ragg: I guess its not worth for meph anyway
  4960 | D:4      | Ragg: since ill get more conj
  4960 | D:4      | Ragg: later
  4988 | D:4      | bongbaron: also a kewl trick for if/when u get battlesphere
  4998 | D:4      | bongbaron: if theres a monster blocking your shot the spell will hit it but the sphere will still shoot at the main target
  5026 | D:4      | Identified a +0 cloak of preservation (You took it off Crazy Yiuf on level 3 of the Dungeon)
  5026 | D:4      | bongbaron: so you can do like angled trickshots with it and kill a troll while keeping an orc between you and it
  5026 | D:4      | Ragg: sweet
  5026 | D:4      | Ragg: is this cloak 100% chance to protect or what?
  5026 | D:4      | Ragg: does it work against slimes and fire
  5026 | D:4      | bongbaron: nearly
  5026 | D:4      | tripwire: its a damn nice find
  5034 | D:4      | bongbaron: yes
  5034 | D:4      | bongbaron: its really good
  5034 | D:4      | bongbaron: preserves scrolls and pots
  5034 | D:4      | Ragg: sweet
  5034 | D:4      | bongbaron: umm equip enchant i dont know
  5034 | D:4      | Ragg: but not like swords corroding?
  5034 | D:4      | Ragg: hmm
  5034 | D:4      | bongbaron: im not sure about that
  5086 | D:4      | bongbaron: but scrolls and pots is huge
  5088 | D:4      | bongbaron: plus it saves you finding an rcorr amulet
  5088 | D:4      | Ragg: ya
  5138 | D:4      | Noticed Menkaure
  5139 | D:4      | bongbaron: now you can just completely ignor sticky flame, basically, for ex
  5143 | D:4      | Killed Menkaure
  5143 | D:4      | Reached skill level 1 in Air Magic
  5209 | D:4      | Ragg: yay
  5260 | D:4      | Offered knowledge of Sting by Vehumet.
  5428 | D:5      | Entered Level 5 of the Dungeon
  5471 | D:5      | tripwire: Nice Beast
  5480 | D:5      | Reached skill level 8 in Conjurations
  5577 | D:5      | Reached XP level 8. HP: 38/41 MP: 4/12
  5587 | D:5      | tripwire: Ragg
  5596 | D:5      | tripwire: u can shoot down corridors
  5602 | D:5      | tripwire: if u think an enemy is there
  5602 | D:5      | Ragg: oh yeah
  5602 | D:5      | Ragg: i know
  5602 | D:5      | tripwire: by hitting shift direction
  5602 | D:5      | Ragg: oh
  5602 | D:5      | Ragg: i didnt know that
  5605 | D:5      | bongbaron: real good way of killing unseen horrors if u dont got sinv
  5627 | D:5      | bongbaron: otherwise its impossible to hit them b/c of bat movement, gotta get em in a long corridor
  5627 | D:5      | Ragg: good tip
  5656 | D:5      | Killed from afar by an orc priest

Action                   |  1- 3 |  4- 6 |  7- 9 || total
-------------------------+-------+-------+-------++-------
Melee: Unarmed           |     8 |       |       ||     8
       Mace              |     4 |    10 |    58 ||    72
       Dagger            |    12 |       |       ||    12
       Short sword       |     4 |   106 |       ||   110
 Cast: Sandblast         |    55 |   150 |    41 ||   246
       Stone Arrow       |       |     9 |     5 ||    14
  Use: Scroll            |     4 |     3 |       ||     7
       Potion            |       |     1 |       ||     1
